 Dungeon Crawl Stone Soup version 0.27-a0-1500-g450c7e4133 (webtiles) character file.

Game seed: 5639782936934827172

758 snetch the Magician (level 8, -12/52 HPs)
             Began as a Djinni Fire Elementalist on July 7, 2021.
             Was a Believer of Fedhas.
             Killed by miscasting Sticky Flame (18 damage)
             ... on level 5 of the Dungeon.
             The game lasted 00:16:21 (6255 turns).

snetch the Magician (Djinni Fire Elementalist)      Turns: 6255, Time: 00:16:22

Health: -12/52     AC:  6    Str:  7    XL:     8   Next: 7%
Gold:   258        EV: 10    Int: 18    God:    Fedhas [**....] SH:  0 Dex: 15

rFire    + + .     SeeInvis .   b - +1 mace (antimagic)
rCold    x . .     Faith    .   (no shield)
rNeg     . . .     Spirit   .   q - +0 ring mail
rPois    ∞         Reflect  .   h - +0 helmet
rElec    .         Harm     .   (no cloak)
rCorr    .         Rampage  .   (no gloves)
Will     .....                  (boots unavailable)
Stlth    ++........             (no amulet)
HPRegen  0.17/turn              (no ring)
MPRegen  0.00/turn              (no ring)

@: flying, very slightly contaminated
A: sickness immunity, fire resistance 2, cold vulnerability 1, float, innate
caster, hp casting, extra vitality 1
a: Renounce Religion, Wall of Briars


You were on level 5 of the Dungeon.
You worshipped Fedhas.
Fedhas was pleased with you.
You visited 2 branches of the dungeon, and saw 6 of its levels.

You collected 258 gold pieces.

Inventory:

Hand Weapons
 a - a +0 scythe
 b - a +1 antimagic mace (weapon)
 c - a +0 quarterstaff
 y - a +0 war axe
Missiles
 d - 18 arrows
 f - 17 poisoned darts
 i - 139 stones
 u - 37 sling bullets
Armour
 h - a +0 helmet (worn)
 q - a +0 ring mail (worn)
 r - a +0 chain mail
Wands
 A - a wand of mindburst (16)
Scrolls
 g - 5 scrolls of identify {unknown}
 j - 2 scrolls of magic mapping {unknown}
 k - a scroll of fear {unknown}
 l - 4 scrolls of noise {unknown}
 o - a scroll of immolation {unknown}
 p - a scroll of holy word {unknown}
 w - a scroll of enchant armour {unknown}
 B - a scroll of enchant weapon {unknown}
 C - a scroll of fog {unknown}
Potions
 e - a potion of might {unknown}
 m - 2 potions of haste {unknown}
 n - 4 potions of curing {unknown}
 s - a potion of invisibility {unknown}
 t - 3 potions of heal wounds {unknown}
 v - a potion of mutation {unknown}
 x - 2 potions of degeneration {unknown}
 z - a potion of lignification {unknown}


   Skills:
 + Level 1.4 Fighting
 + Level 3.5 Armour
 + Level 3.3 Dodging
 + Level 2.9 Stealth
 + Level 5.3 Spellcasting


You couldn't memorise any spells.
You knew the following spells:

 Your Spells              Type           Power      Damage    Failure   Level
a - Foxfire               Conj/Fire      92%        2x1d8     4%          1
b - Conjure Flame         Conj/Fire      23%        6-21      14%         3
c - Inner Flame           Hex/Fire       23%        N/A       14%         3
d - Sticky Flame          Conj/Fire      23%        2d4       43%         4
e - Fireball              Conj/Fire      11%        3d7       78%         5
f - Freeze                Ice            92%        1d10      4%          1
g - Poisonous Vapours     Pois/Air       46%        N/A       7%          2
h - Ensorcelled Hibernat  Hex/Ice        46%        N/A       7%          2
Your spell library was empty.

Dungeon Overview and Level Annotations

Branches:
Dungeon (5/15)             Temple (1/1) D:4

Altars:
Elyvilon
Fedhas
Gozag
Hepliaklqana
Makhleb
Nemelex Xobeh
Okawaru
Qazlal
Ru
Sif Muna
Trog
Uskayaw
Wu Jian
Zin
The Shining One

Shops:
D:1 =


Innate Abilities, Weirdness & Mutations

You are immune to sickness and miasma.
You are immune to poison.
Your flesh is very heat resistant. (rF++)
You are vulnerable to cold. (rC-)
You float through the air rather than walking.
You learn spells naturally, not from books.
Your magical power is your life essence.
You have superior vitality. (+4 HP)


Message History

You conjure some foxfire!
* * * LOW HITPOINT WARNING * * *
The ice beast closely misses you.
The foxfire hits the ice beast.
The ice beast is moderately wounded.
The foxfire hits the ice beast.
The ice beast melts!
The ice beast is heavily wounded.
Okay, then.
Casting: Foxfire (safe; 4% risk of failure)
Confirm with . or Enter, or press ? or * to list all spells.
You can't see any susceptible monsters within range! (Use Z to cast anyway.)
Casting: Foxfire (safe; 4% risk of failure)
Press: ? - help, Q - select action, (/) - cycle Dir - look around, f - activate
Okay, then.
Casting: Foxfire (safe; 4% risk of failure)
Confirm with . or Enter, or press ? or * to list all spells.
Aiming: Poisonous Vapours (safe; 7% risk of failure)
Press: ? - help, Dir - move target, f - ice beast
Aim: an ice beast (heavily wounded)
Okay, then.
Casting: Poisonous Vapours (safe; 7% risk of failure)
Confirm with . or Enter, or press ? or * to list all spells.
The spell is quite dangerous to cast (43% risk of failure)!
Continue anyway?
Aiming: Sticky Flame (quite dangerous; 43% risk of failure)
Press: ? - help, Shift-Dir - straight line, f - ice beast
Aim: an ice beast (heavily wounded, 100% to hit)
You miscast Sticky Flame.
You are very lightly contaminated with residual magic.
Nothing appears to happen.
* * * LOW HITPOINT WARNING * * *
The ice beast barely misses you.
Casting: Sticky Flame (quite dangerous; 43% risk of failure)
Confirm with . or Enter, or press ? or * to list all spells.
The spell is quite dangerous to cast (43% risk of failure)!
Continue anyway?
Aiming: Sticky Flame (quite dangerous; 43% risk of failure)
Press: ? - help, Shift-Dir - straight line, f/p - ice beast
Aim: an ice beast (heavily wounded, 100% to hit)
You miscast Sticky Flame.
You feel a strange surge of energy!!
You die...
Fedhas appreciates your contribution to the ecosystem.

......#
#..###...#
......##
#..###''.###
.>.....##
#..#.......#
........#
#..#.#####.#
........#
#..#.#...#.#
...###..#
##.#.#._.#.#
..## ##†##
###......)# .##
#..# ##########
.. ##.## ##@# .
##.## #Y## ##.##
#.# ##.###.#
#.....##
##.....####..#
#####.....<....#
#>.............#
#####...#####..#


You could see an ice beast.

Vanquished Creatures
  Sigmund (D:2)
  A sky beast (D:5)
  A jelly (D:5)
  A bullfrog skeleton (D:5)
  2 orc priests (D:4)
  2 hounds
  Terence (D:2)
  3 iguanas
  Natasha (thrice) (D:2)
  An orc wizard (D:4)
  4 adders
  An adder skeleton (D:4)
  2 worms
  5 dart slugs
  6 orcs
  5 endoplasms
  2 giant cockroaches
  9 goblins
  5 hobgoblins
  12 jackals
  6 kobolds
  4 quokkas
  2 ball pythons (D:4)
  5 bats
  A frilled lizard (D:3)
  5 rats
90 creatures vanquished.

Vanquished Creatures (others)
  358 foxfires
  5 fungi (D:2)
  5 plants (D:2)
368 creatures vanquished.

Grand Total: 458 creatures vanquished

Notes
Turn   | Place    | Note
-------+----------+-------------------------------------------
     0 | D:1      | snetch the Djinni Fire Elementalist began the quest for the
                  | Orb.
     0 | D:1      | Reached XP level 1. HP: 15/15 MP: 0/0
   316 | D:1      | Reached XP level 2. HP: 16/21 MP: 0/0
   619 | D:1      | Found Pimyts's Jewellery Shop.
   997 | D:2      | Noticed Sigmund
  1317 | D:2      | Noticed Natasha
  1325 | D:2      | Killed Natasha
  1326 | D:2      | Reached skill level 3 in Spellcasting
  1326 | D:2      | Reached XP level 3. HP: 19/25 MP: 0/0
  1326 | D:2      | Learned a level 1 spell: Freeze
  1612 | D:2      | Reached XP level 4. HP: 16/31 MP: 0/0
  1619 | D:2      | Noticed Natasha
  1624 | D:2      | Killed Natasha
  1966 | D:2      | Noticed Natasha
  2069 | D:2      | Killed Sigmund
  2070 | D:2      | Reached skill level 1 in Armour
  2070 | D:2      | Reached skill level 4 in Spellcasting
  2070 | D:2      | Reached XP level 5. HP: 11/36 MP: 0/0
  2070 | D:2      | Learned a level 2 spell: Poisonous Vapours
  2070 | D:2      | Reached XP level 6. HP: 12/41 MP: 0/0
  2295 | D:2      | Found a faded altar of an unknown god.
  2309 | D:2      | Became a worshipper of Fedhas Madash
  2309 | D:2      | Reached * piety under Fedhas
  2494 | D:2      | Noticed Terence
  2513 | D:2      | Killed Terence
  2840 | D:2      | Killed Natasha
  3828 | D:3      | Reached ** piety under Fedhas
  4384 | D:4      | Reached XP level 7. HP: 42/46 MP: 0/0
  4384 | D:4      | Learned a level 2 spell: Ensorcelled Hibernation
  4426 | D:5      | Entered Level 5 of the Dungeon
  4545 | D:4      | Found a burning altar of Makhleb.
  4562 | D:4      | Found a staircase to the Ecumenical Temple.
  4597 | D:4      | Reached skill level 1 in Fighting
  5039 | D:5      | Reached skill level 5 in Spellcasting
  5820 | Temple   | Entered the Ecumenical Temple
  6034 | D:5      | Reached XP level 8. HP: 47/52 MP: 0/0
  6122 | D:5      | Found an ornate altar of the Wu Jian Council.
  6255 | D:5      | Killed by miscasting Sticky Flame

Illustrated notes

Levels and vault maps discovered:
D:1:      heliophobic_arrival_ceremonial_halls, layout_basic, serial_shops,
          shop_fountains
D:2:      layout_loops_ring, dreamdust_ecumenical_altar_hidden_monk_grotto,
          kennysheep_generic_room_5, uniq_natasha, uniq_sigmund, uniq_terence
D:3:      kennysheep_slugbush, layout_loops_corners, kennysheep_generic_room_11
D:4:      layout_basic, amcnicky_altar_gilded, minmay_temple_entry_crystal_x,
          minmay_misc_feat_alley
D:5:      layout_layer_cave, mainiacjoe_overflow_alcove_4
Temple:   dshaligram_water_room_temple

Skill      XL: |  1  2  3  4  5  6  7 |
---------------+----------------------+-----
Spellcasting   | 3 4 5 |  5.3
Stealth        | 2 |  2.9
Armour         | 1 2 3 |  3.5
Dodging        | 3 |  3.3
Fighting       | 1 |  1.4

Action                   |  1- 3 |  4- 6 |  7- 9 || total
-------------------------+-------+-------+-------++-------
Melee: Scythe            |       |     9 |    11 ||    20
       Mace              |       |     1 |    16 ||    17
 Cast: Foxfire           |    42 |    95 |    75 ||   212
       Freeze            |       |     9 |     5 ||    14
       Poisonous Vapours |       |     2 |       ||     2
 Stab: Sleeping          |       |     2 |       ||     2
Armor: Leather armour    |     3 |    16 |       ||    19
       Ring mail         |       |     6 |    17 ||    23
Dodge: Dodged            |     4 |    35 |    24 ||    63

Table legend: (Time is in decaauts)
 A = Elapsed time spent in this place.
 B = Non-inter-level travel time spent in this place.
 C = Inter-level travel time spent in this place.
 D = Time resting spent in this place.
 E = Time spent auto-exploring this place.
 F = Levels seen in this place.
 G = Mean time per level.
                   A        B        C        D        E       F      G
               +--------+--------+--------+--------+--------+-----+--------+
         Total |   6290 |   5940 |    350 |    175 |   4708 |   6 | 1048.3 |
       Dungeon |   6196 |   5870 |    326 |    175 |   4640 |   5 | 1239.2 |
        Temple |     93 |     69 |     24 |      0 |     68 |   1 |   93.0 |
               +--------+--------+--------+--------+--------+-----+--------+

Top non-repeatable levels by time:
     D:2: 1761 daAuts
     D:4: 1413 daAuts
     D:1: 1342 daAuts
     D:3: 1282 daAuts
     D:5: 397 daAuts
  Temple: 93 daAuts
